 Dungeon Crawl Stone Soup version 0.17-a0-1-g1f4be75 (webtiles) character file.

209 hyperbart the Slasher (level 5, -14/45 HPs)
             Began as a Draconian Chaos Knight on Mar 7, 2015.
             Demolished by a giant club (19 damage)
             ... animated by Xom
             ... on level 4 of the Dungeon.
             The game lasted 00:07:11 (2566 turns).

hyperbart the Slasher (Draconian Chaos Knight)      Turns: 2566, Time: 00:07:11

Health: -14/45     AC:  6    Str: 15    XL:     5   Next: 55%
Magic:  5/5        EV: 13    Int: 12    God:    Xom [...*..]
Gold:   120        SH:  0    Dex: 17    Spells: 0 memorised, 4 levels left

rFire  . . .     SeeInvis .     a - +0 falchion (chaos)
rCold  . . .     Clarity  +     (armour unavailable)
rNeg   . . .     SustAb   .     (no shield)
rPois  .         Gourm    .     (helmet restricted)
rElec  .         Spirit   .     l - +0 cloak
rCorr  .         Warding  .     (no gloves)
rMut   .         Stasis   .     (no boots)
MR     .....                    (no amulet)
Stlth  +.........               (no ring)
                                m - +4 ring of dexterity

@: drained, not resistant to hostile enchantments, very unstealthy
A: unfitting armour, hooves 1, agile 1, clarity, cold-blooded, AC +5
a: Renounce Religion


You were on level 4 of the Dungeon.
You worshipped Xom.
You were a favourite toy of Xom.
You were not hungry.

You visited 1 branch of the dungeon, and saw 4 of its levels.
You also visited: Sewer.

You collected 120 gold pieces.

Inventory:

Hand weapons
 a - a +0 falchion of chaos (weapon)
 o - a +0 blowgun
Missiles
 n - 23 poisoned needles
Armour
 l - a +0 cloak (worn)
Jewellery
 m - a +4 ring of dexterity (left hand)
Scrolls
 b - 2 scrolls of fear {unknown}
 d - 3 scrolls of random uselessness {unknown}
 f - a scroll of noise {unknown}
 g - a scroll of identify {unknown}
 h - a scroll of recharging {unknown}
 i - a scroll of teleportation {unknown}
 k - 2 scrolls of enchant weapon {unknown}
 p - a scroll of remove curse {unknown}
Potions
 e - a potion of curing
 j - a potion of agility {unknown}
 q - 2 potions of might {unknown}
 r - 3 potions of heal wounds {unknown}
 s - 2 potions of brilliance {unknown}
 t - a potion of flight {unknown}
Comestibles
 c - a bread ration
 u - a chunk of flesh {@w1}
 v - a slice of pizza
 w - 2 beef jerkies


   Skills:
 - Level 3.5(3.4) Fighting
 + Level 6.1(6.0) Long Blades
 - Level 2.3(2.1) Dodging


You had 4 spell levels left.
You didn't know any spells.

Dungeon Overview and Level Annotations

Branches:
Dungeon (4/15)
 Temple: D:4-7

Altars:
Kikubaaqudgha
Qazlal


Innate Abilities, Weirdness & Mutations

Your plain brown scales are hard (AC +5).
Your body does not fit into most forms of armour.
Your cold-blooded metabolism reacts poorly to cold.
You have large cloven feet.
You are agile. (Dex +2)
You possess an exceptional clarity of mind.


Message History

A ball python comes into view.
You swap places.
The giant club hits your butterfly!!
Your butterfly dies!
Unknown command.
It is briefly surrounded by a scintillating aura of random colours.
a - a +0 falchion of chaos (weapon)
The ball python closely misses you. The ball python grabs you.
The ball python constricts you.
The ogre completely misses your butterfly.
Unknown command.
You closely miss the ball python.
You kick the ball python, but do no damage.
You tail-slap the ball python.
You kill the ball python!
The giant club hits you.
* * * LOW HITPOINT WARNING * * *
You see here a ball python corpse.
The giant club hits you!!
You die...
Xom is highly amused!

#.........#
####.##.#.# ...
#.#.# #### #.#.#
###.#..# ..###.#
###.#.## ###.##
#.@.# #(### .
#.# .# #.# .#
#.# .# #b# (#
#.# O# #O# .#
########.#####.#


You could see an ogre (confused) and a giant club.

Vanquished Creatures
  A big kobold (Sewer)
  A sheep (Sewer)
  2 adders
  4 giant mites
  8 ball pythons
  7 giant cockroaches
  4 goblins
  9 hobgoblins
  3 jackals (D:1)
  8 bats
  16 kobolds
  A quokka (D:2)
  10 rats
74 creatures vanquished.

Vanquished Creatures (others)
  A crimson imp (Sewer)
  A butterfly (D:4)
2 creatures vanquished.

Grand Total: 76 creatures vanquished

Notes
Turn   | Place    | Note
--------------------------------------------------------------
     0 | D:1      | hyperbart, the Draconian Chaos Knight, began the quest for the Orb.
     0 | D:1      | Reached XP level 1. HP: 19/19 MP: 1/1
   132 | D:1      | Reached XP level 2. HP: 23/26 MP: 2/2
   738 | D:2      | Reached XP level 3. HP: 31/31 MP: 3/3
   794 | D:2      | Found a stormy altar of Qazlal.
   843 | D:2      | Reached skill level 4 in Long Blades
   899 | D:2      | XOM: silly message
  1045 | D:2      | XOM: draining
  1230 | D:2      | Found an ancient bone altar of Kikubaaqudgha.
  1290 | D:3      | Reached XP level 4. HP: 31/38 MP: 4/4
  1405 | D:3      | Found a glowing drain.
  1416 | Sewer    | Entered a sewer
  1468 | Sewer    | XOM: medium Conj miscast
  1549 | Sewer    | Reached skill level 5 in Long Blades
  1571 | Sewer    | XOM: summons friendly crimson imp
  1992 | Sewer    | XOM: colour smoke trail
  2143 | Sewer    | Noticed a big kobold
  2164 | Sewer    | Killed a big kobold
  2164 | Sewer    | Reached skill level 6 in Long Blades
  2164 | Sewer    | Reached XP level 5. HP: 37/45 MP: 5/5
  2349 | D:3      | XOM: give mutations
  2349 | D:3      | Gained mutation: You possess an exceptional clarity of mind. [Xom's grace]
  2349 | D:3      | Gained mutation: You are agile. (Dex +2) [Xom's grace]
  2349 | D:3      | Gained mutation: You have large cloven feet. [Xom's grace]
  2548 | D:4      | Noticed an ogre
  2561 | D:4      | XOM: confuse monster(s)
  2561 | D:4      | XOM: butterfly on damage
  2566 | D:4      | Demolished by a giant club

Action                   |  1- 3 |  4- 6 || total
-------------------------+-------+-------++-------
Melee: Falchion          |   101 |   119 ||   220
 Fire: Blowgun           |       |     2 ||     2
  Use: Potion            |       |     3 ||     3
 Stab: Distracted        |       |     1 ||     1
       Betrayed ally     |       |     1 ||     1
  Eat: Chunk             |     1 |     3 ||     4
       Beef jerky        |       |     1 ||     1

Vault maps used:
D:1:      minmay_arrival_nine_rooms, hex_large
D:2:      kiku_gazebo_pond_becter, nicolae_qazlal_general_emergency
D:3:      portal_sewer_entry_b
D:4:      vehumet_altar_wand_db
Sewer:    kennysheep_pipe_town
